 Dungeon Crawl Stone Soup version 0.31-a0-1522-g43313d8a59 (webtiles) character file.

Game seed: 14491530701641280098

2550 Aldia the Thaumaturge (level 9, -1/48 (50) HPs)
             Began as a Deep Elf Conjurer on Dec 30, 2023.
             Was a Follower of Sif Muna.
             Slain by a wight
             ... wielding a +0 flail
              (13 damage)
             ... on level 7 of the Dungeon.
             The game lasted 00:16:13 (6072 turns).

Aldia the Thaumaturge (Deep Elf Conjurer)           Turns: 6072, Time: 00:16:14

HP:   -1/48 (50)    AC:  3    Str: 11    XL:     9   Next: 30%
MP:   6/23          EV: 13    Int: 28    God:    Sif Muna [*.....]
Gold: 238           SH:  0    Dex: 13    Spells: 7/24 levels left

rFire   . . .        k - +8 quarterstaff of the Badger {drain, Str+3}
rCold   + + .        (shield currently unavailable)
rNeg    . . .        a - +1 robe
rPois   .            (no helmet)
rElec   .            (no cloak)
rCorr   .            (no gloves)
SInv    .            (no boots)
Will    .....        x - amulet of Ignis's Regard {Faith Str+4}
Stlth   ++           v - ring of protection from cold
HPRegen 0.28/turn    w - ring of protection from cold
MPRegen 0.18/turn

%: faith
@: channelling, lightly drained
A: no striking features
a: Renounce Religion, Channel Magic


You were on level 7 of the Dungeon.
You worshipped Sif Muna.
Sif Muna was aware of your devotion.
You visited 2 branches of the dungeon, and saw 8 of its levels.

You collected 238 gold pieces.

Inventory:

Hand Weapons
 c - a +0 dagger of draining
 k - the +8 quarterstaff of the Badger (weapon) {drain, Str+3}
   (You found it on level 4 of the Dungeon)

   Str+3:     It affects your strength (+3).
Armour
 a - a +1 robe (worn)
 r - a +0 robe of willpower
 t - a +2 leather armour of positive energy
Jewellery
 j - a ring of ice
 l - an amulet of guardian spirit
 v - a ring of protection from cold (left hand)
 w - a ring of protection from cold (right hand)
 x - the amulet of Ignis's Regard (around neck) {Faith Str+4}
   (You found it on level 6 of the Dungeon)

   [amulet of faith]

   Faith:     It allows you to gain divine favour quickly.
   Str+4:     It affects your strength (+4).
 A - a ring of ice
Wands
 n - a wand of roots (6)
 s - a wand of flame (16)
Scrolls
 h - 2 scrolls of vulnerability
 p - 2 scrolls of immolation
 u - 2 scrolls of silence
 y - a scroll of identify
 z - 2 scrolls of amnesia
Potions
 b - a potion of magic
 d - 3 potions of curing {unknown}
 e - 2 potions of haste
 f - a potion of might {unknown}
 g - a potion of berserk rage {unknown}
 i - 4 potions of attraction
 m - 3 potions of cancellation
 o - a potion of heal wounds {unknown}
 q - 3 potions of mutation


   Skills:
 - Level 3.0 Fighting
 - Level 5.0 Dodging
 + Level 3.8 Stealth
 + Level 8.3 Spellcasting
 + Level 7.8 Conjurations
 - Level 5.0 Translocations
 + Level 1.5 Fire Magic
 - Level 5.0 Alchemy
 + Level 2.5 Invocations


You had 7 spell levels left.
You knew the following spells:

 Your Spells              Type           Power      Damage    Failure   Level
a - Magic Dart            Conj           100%       1d8       1%          1
b - Searing Ray           Conj           100%       2d8       1%          2
c - Fulminant Prism       Conj/Alch      23%        3d12      3%          4
d - Iskenderun's Mystic   Conj/Tloc      47%        2d10      3%          4
e - Starburst             Conj/Fire      19%        6d7       71%         6

Your spell library contained the following spells:

 Spells                   Type           Power      Damage    Failure   Level
 Foxfire                  Conj/Fire      100%       2x1d9     1%          1
 Plasma Beam              Fire/Air       7%         2x1d18    99%         6


Dungeon Overview and Level Annotations

Branches:
Dungeon (7/15)             Temple (1/1) D:5

Altars:
Cheibriados
Dithmenos
Gozag
Hepliaklqana
Kikubaaqudgha
Makhleb
Nemelex Xobeh
Okawaru
Qazlal
Ru
Sif Muna
Trog
Uskayaw
Vehumet
Wu Jian
Xom
Yredelemnul
Zin
The Shining One

Shops:
D:5 [

Annotations:
D:5 2 transporters
D:6 1 runed translucent door, Crazy Yiuf


Message History

You barely miss the wight.
The wight is moderately damaged.
The wight hits you with a +0 flail!
You feel drained.
Casting: Magic Dart (safe; 1% risk of failure)
Confirm with . or Enter, or press ? or * to list all spells.
Aiming: Searing Ray (safe; 1% risk of failure)
Press: ? - help, Shift-Dir - straight line, f - wight
Aim: a wight, wielding a +0 flail and wearing a +0 robe (moderately damaged, 83% to hit)
The searing ray hits the wight but does no damage.
The wight is moderately damaged.
The searing ray hits the wight but does no damage. (Press . to maintain the ray.)
The wight completely misses you.
Unknown command.
Unknown command.
The searing ray hits the wight but does no damage.
The wight is moderately damaged.
The searing ray hits the wight.
The wight is moderately damaged.
The wight closely misses you.
Unknown command.
Unknown command.
Unknown command.
Okay, then.
Okay, then.
The wight hits you with a +0 flail!
* * * LOW HITPOINT WARNING * * *
Unknown command.
Casting: Searing Ray (safe; 1% risk of failure)
Confirm with . or Enter, or press ? or * to list all spells.
Aiming: Searing Ray (safe; 1% risk of failure)
Press: ? - help, Shift-Dir - straight line, f/p - wight
Aim: a wight, wielding a +0 flail and wearing a +0 robe (moderately damaged, 83% to hit)
The searing ray hits the wight but does no damage.
The wight is moderately damaged.
The searing ray hits the wight.
The wight is moderately damaged. (Press . to maintain the ray.)
The wight hits you with a +0 flail!
You die...

#.# #.# ##.##
##...## #.###.# #.#
#.# .###### #.###.#
#)....)########...##
#)))†..)zz@.#.###
#.##)#.#.##.#.#
#.#.#......#
#.#.####.###
..#.####.#
###......# ########


You could see 2 wights.

Vanquished Creatures
  Sigmund (D:2)
  Eustachio (D:4)
  A steam dragon (D:6)
  2 water moccasins
  An ice beast (D:6)
  A sky beast (D:7)
  An ogre (D:6)
  2 phantoms (D:6)
  A weeping skull (D:7)
  Blork the orc (D:4)
  2 bullfrogs
  4 scorpions
  6 wights (D:7)
  2 howler monkeys (D:6)
  A jelly (D:5)
  A hound (D:5)
  4 orc priests
  Jessica (D:2)
  5 iguanas
  4 orc wizards
  7 adders
  A white imp (D:6)
  7 dart slugs
  2 ribbon worms
  13 orcs
  5 bats
  2 endoplasms
  3 giant cockroaches
  5 goblins
  3 hobgoblins
  5 jackals
  2 quokkas
  5 ball pythons
  6 frilled lizards
  8 kobolds
  5 rats
  A spectral orc (D:7)
122 creatures vanquished.

Vanquished Creatures (others)
  An orc wizard (D:4)
  7 fulminant prisms
8 creatures vanquished.

Grand Total: 130 creatures vanquished

Notes
Turn   | Place    | Note
-------+----------+-------------------------------------------
     0 | D:1      | Aldia the Deep Elf Conjurer began the quest for the Orb.
     0 | D:1      | Reached XP level 1. HP: 10/10 MP: 6/6
   214 | D:1      | Reached XP level 2. HP: 15/15 MP: 0/8
   217 | D:1      | Learned a level 2 spell: Searing Ray
   637 | D:2      | Reached XP level 3. HP: 20/20 MP: 5/9
   851 | D:2      | Reached skill level 5 in Conjurations
  1000 | D:2      | Noticed Sigmund
  1019 | D:2      | Noticed Jessica
  1134 | D:2      | Killed Jessica
  1135 | D:2      | Reached skill level 1 in Fighting
  1135 | D:2      | Reached XP level 4. HP: 25/25 MP: 6/11
  1140 | D:2      | Learned a level 4 spell: Fulminant Prism
  1217 | D:2      | Found a faded altar of an unknown god.
  1960 | D:3      | Reached skill level 4 in Spellcasting
  1960 | D:3      | Reached skill level 1 in Alchemy
  1965 | D:3      | Learned a level 4 spell: Iskenderun's Mystic Blast
  2022 | D:3      | Reached XP level 5. HP: 24/29 MP: 8/13
  2567 | D:4      | Noticed Blork the orc
  2575 | D:4      | Killed Blork the orc
  2659 | D:4      | Noticed Eustachio
  2793 | D:2      | Killed Sigmund
  2794 | D:2      | Reached XP level 6. HP: 35/35 MP: 6/15
  2913 | D:4      | Noticed a water moccasin
  2923 | D:4      | Killed a water moccasin
  2924 | D:4      | Reached skill level 5 in Spellcasting
  3098 | D:4      | Identified the +8 quarterstaff of the Badger {drain, Str+3}
  3253 | D:4      | Reached XP level 7. HP: 23/40 MP: 9/16
  3265 | D:4      | Reached skill level 1 in Translocations
  3433 | D:4      | Killed Eustachio
  3630 | D:5      | Entered Level 5 of the Dungeon
  3690 | D:5      | Reached skill level 5 in Alchemy
  3931 | D:5      | Found a transporter.
  4009 | D:5      | Reached skill level 6 in Spellcasting
  4108 | D:5      | Found a staircase to the Ecumenical Temple.
  4115 | Temple   | Entered the Ecumenical Temple
  4121 | Temple   | Became a worshipper of Sif Muna the Loreminder
  4227 | D:5      | Found a transporter.
  4271 | D:5      | Found Gajiqiah's Armour Boutique.
  4375 | D:6      | Reached XP level 8. HP: 19/45 MP: 11/19
  5207 | D:6      | Reached skill level 7 in Spellcasting
  5209 | D:6      | Identified the amulet of Ignis's Regard {Faith Str+4}
  5270 | D:6      | Reached skill level 5 in Dodging
  5270 | D:6      | Reached skill level 5 in Translocations
  5479 | D:6      | Found a runed translucent door.
  5480 | D:6      | Noticed Crazy Yiuf
  5640 | D:7      | Found a basalt altar of Yredelemnul.
  5647 | D:7      | Reached skill level 1 in Invocations
  5776 | D:7      | Reached XP level 9. HP: 49/49 MP: 17/22
  5887 | D:7      | Learned a level 6 spell: Starburst
  5971 | D:7      | Reached skill level 8 in Spellcasting
  5997 | D:7      | Reached skill level 1 in Fire Magic
  6000 | D:7      | Reached * piety under Sif Muna
  6072 | D:7      | Slain by a wight

Illustrated notes

Levels and vault maps discovered:
D:1:      minmay_arrival_shoal_huts, layout_rooms
D:2:      layout_rooms, shapermc_ecumenical_altar_mp_urbaneastern, uniq_sigmund,
          uniq_jessica
D:3:      layout_loops_cross, wad_orctagon
D:4:      layout_rooms, uniq_blork_the_orc, uniq_eustachio
D:5:      gammafunk_steamed_eel, layout_basic, minmay_temple_entry_tees,
          serial_shops, nicolae_shop_tiny_glass, grunt_ministairs_1
D:6:      layout_loops_ring, uniq_crazy_yiuf_cottage
D:7:      layout_loops_cross, yredelemnul_forgotten_temple_becter
Temple:   eino_narrow_crystal_temple

Skill      XL: |  1  2  3  4  5  6  7  8  9 |
---------------+----------------------------+-----
Stealth        | 3 |  3.8
Conjurations   | 5 6 7 |  7.8
Fighting       | 1 2 3 |  3.0
Dodging        | 3 5 |  5.0
Spellcasting   | 4 5 6 7 8 |  8.3
Alchemy        | 1 3 4 5 |  5.0
Translocations | 3 5 |  5.0
Invocations    | 1 2 |  2.5
Fire Magic     | 1 |  1.5

Action                     |  1- 3 |  4- 6 |  7- 9 || total
---------------------------+-------+-------+-------++-------
  Melee: Dagger            |     4 |     3 |       ||     7
         Quarterstaff      |       |       |    23 ||    23
   Cast: Magic Dart        |    68 |    56 |    72 ||   196
         Searing Ray       |     1 |     9 |    28 ||    38
         Fulminant Prism   |       |     2 |     5 ||     7
         Iskenderun's Myst |       |       |     4 ||     4
 Invoke: Channel Magic     |       |       |     1 ||     1
    Use: Scroll            |       |     8 |     6 ||    14
         Potion            |       |     2 |     1 ||     3
   Stab: Sleeping          |       |     1 |       ||     1
 Armour: Robe              |     5 |    14 |    46 ||    65
         Skin              |       |     2 |     9 ||    11
  Dodge: Dodged            |     6 |    16 |    31 ||    53

Table legend: (Time is in decaauts)
 A = Elapsed time spent in this place.
 B = Non-inter-level travel time spent in this place.
 C = Inter-level travel time spent in this place.
 D = Time resting spent in this place.
 E = Time spent auto-exploring this place.
 F = Levels seen in this place.
 G = Mean time per level.
                   A        B        C        D        E       F      G
               +--------+--------+--------+--------+--------+-----+--------+
         Total |   6063 |   5823 |    240 |    415 |   4642 |   8 |  757.9 |
       Dungeon |   6051 |   5821 |    230 |    415 |   4642 |   7 |  864.4 |
        Temple |     12 |      2 |     10 |      0 |      0 |   1 |   12.0 |
               +--------+--------+--------+--------+--------+-----+--------+

Top non-repeatable levels by time:
     D:6: 1183 daAuts
     D:3: 1108 daAuts
     D:4: 1102 daAuts
     D:2: 728 daAuts
     D:5: 726 daAuts
     D:1: 678 daAuts
     D:7: 522 daAuts
  Temple: 12 daAuts
